Map: Central Protocol

Players

BabyBachelor

  • Race: Zerg Zerg
  • League: Gold

TommyDogan - Winner!

  • Race: Zerg Zerg
  • League: Gold

VOD

Have the link to the VOD?

Description

Time

  • Played on: Jan. 11, 2016, 1:29 p.m.
  • Length: 5:54
Show
View Real Time Build Order
Export as new Build Order

BabyBachelor Zerg 

Build Orders:  

Get SALT Encoding   

  12  0:01  Drone  
  13  0:14  Overlord  
  13  0:17  Drone  
  14  0:32  Drone x2  
  16  0:37  Drone  
Show
View Real Time Build Order
Export as new Build Order

TommyDogan Zerg - Winner!

Build Orders: Pool First 

Get SALT Encoding   

  12  0:01  Drone  
  13  0:08  Drone  
  13  0:13  Extractor  
  13  0:16  Drone  
  14  0:37  Spawning Pool  
  14  0:40  Drone  
  14  0:43  Extractor  
  14  0:45  Drone  
  14  0:53  Overlord  
  14  1:23  Metabolic Boost, Queen  
  14  1:24  Zergling x4  
  14  1:27  Zergling x2  
  14  1:37  Zergling x2  
  14  1:46  Zergling x2  
  14  1:57  Hatchery  
  14  2:01  Zergling x2  
  14  2:07  Zergling x2, Extractor  
  14  2:18  Overlord  
  14  2:35  Queen  
  14  2:37  Zergling x2  
  14  2:38  Zergling x6  
  14  2:46  Overlord  
  14  3:07  Zergling x8  
  14  3:15  Zergling x4  
  14  3:20  Drone  
  14  3:23  Drone  
  14  3:40  Roach Warren, Drone  
  14  3:49  Overlord  
  14  4:03  Overlord  
  14  4:20  Roach x5  
  14  4:25  Roach  
  14  4:34  Roach  
  14  4:36  Zergling x2  
  14  4:37  Zergling x2  
  14  4:39  Zergling x2  
  14  4:45  Roach  
  14  4:52  Overlord  
  14  4:59  Zergling x2  
  14  5:00  Zergling x2  
  14  5:07  Zergling x4  
  14  5:15  Zergling x4  
  14  5:16  Zergling x2  
  14  5:24  Zergling x2  
  14  5:26  Zergling x4  
  14  5:34  Zergling x4  
Tags
 
Add a new tag
Caveats
  • Supply blocks, unpowered buildings, or Contaminate may cause inaccurate times.
  • Supply counts are checked every 10 seconds.